Map: Ever Dream LE

Players

Silky

  • Race: Zerg Zerg
  • Spawn Location: 7:00

Scarlett - Winner!

  • Race: Zerg Zerg
  • Spawn Location: 1:00

Event: DreamHack SC2 Masters 2020 Fall

VOD

Have the link to the VOD?

Description

Time

  • Played on: Sept. 2, 2020, 3:27 p.m.
  • Length: 14:39

All games in this series

Show
View Real Time Build Order
Export as new Build Order

Silky Zerg 

Build Orders: Pool First, Lurkers 

Get SALT Encoding   

  12  0:00  Drone  
  13  0:12  Overlord  
  13  0:16  Drone  
  14  0:31  Drone x2  
  16  0:41  Spawning Pool  
  15  0:43  Drone  
  15  0:47  Drone  
  17  1:08  Hatchery  
  17  1:11  Drone  
  17  1:24  Extractor  
  16  1:28  Zergling x6  
  16  1:31  Queen  
  21  1:39  Overlord  
  21  1:50  Drone  
  22  2:00  Drone  
  23  2:06  Queen  
  25  2:13  Drone  
  26  2:19  Queen  
  26  2:20  Drone  
  29  2:23  Drone  
  30  2:33  Drone x2  
  31  2:40  Drone x3  
  31  2:44  Lair  
  34  2:50  Overlord  
  34  2:52  Drone  
  34  2:56  Drone  
  36  3:05  Drone, Evolution Chamber  
  35  3:10  Drone x2  
  38  3:14  Roach Warren  
  36  3:21  Drone x3  
  36  3:25  Overlord  
  36  3:27  Drone  
  39  3:31  Drone x2  
  41  3:36  Zerg Missile Weapons Level 1  
  41  3:39  Overlord  
  41  3:42  Extractor  
  41  3:43  Extractor  
  41  3:47  Spore Crawler  
  36  3:51  Spore Crawler  
  36  3:52  Zergling x6  
  38  3:58  Drone x3  
  38  3:59  Drone  
  38  4:01  Glial Reconstitution  
  43  4:03  Overseer  
  43  4:05  Drone  
  44  4:13  Drone x2  
  44  4:14  Drone x2  
  44  4:16  Drone  
  49  4:19  Overlord  
  49  4:32  Roach  
  49  4:34  Hatchery  
  49  4:35  Roach  
  49  4:38  Roach  
  54  4:42  Roach  
  54  4:44  Roach  
  58  4:47  Overlord  
  57  4:54  Drone x2  
  57  4:57  Drone  
  57  4:58  Overlord  
  60  5:05  Drone x3  
  63  5:07  Overseer  
  63  5:13  Overlord  
  63  5:16  Roach x2  
  63  5:17  Roach  
  63  5:18  Roach  
  71  5:23  Roach  
  71  5:24  Roach  
  71  5:26  Overlord  
  75  5:29  Overlord x2  
  75  5:33  Zerg Missile Weapons Level 2  
  75  5:38  Roach  
  75  5:39  Roach  
  79  5:45  Queen  
  79  5:48  Burrow  
  79  5:49  Tunneling Claws  
  81  5:51  Drone x2  
  81  5:55  Queen  
  85  6:02  Drone x4  
  85  6:03  Drone  
  90  6:05  Drone  
  90  6:09  Roach x2  
  90  6:11  Roach  
  97  6:16  Roach x2  
  101  6:19  Drone x3  
  101  6:22  Spore Crawler  
  103  6:26  Overlord x2  
  103  6:30  Overseer  
  102  6:34  Queen  
  102  6:39  Roach, Spore Crawler  
  105  6:41  Overlord  
  105  6:44  Overlord  
  105  6:46  Roach  
  105  6:47  Roach x3  
  113  6:49  Extractor  
  113  6:51  Roach x2  
  116  6:54  Roach x2  
  116  6:57  Overlord  
  116  6:59  Roach  
  122  7:02  Roach x2  
  122  7:05  Overlord  
  122  7:07  Queen  
  128  7:14  Overlord x2  
  127  7:23  Drone x5, Hydralisk Den  
  127  7:25  Extractor  
  127  7:27  Roach x2  
  127  7:28  Roach x2  
  138  7:32  Drone  
  138  7:34  Drone  
  138  7:35  Roach x4, Extractor  
  137  7:38  Drone  
  137  7:40  Spore Crawler  
  137  7:41  Drone  
  136  7:45  Drone  
  136  7:49  Drone  
  136  7:50  Drone x2  
  140  7:53  Drone x2  
  140  7:57  Muscular Augments  
  142  8:02  Infestation Pit  
  142  8:04  Drone  
  142  8:05  Drone  
  141  8:06  Hydralisk x4  
  141  8:08  Hydralisk  
  141  8:12  Hydralisk  
  147  8:13  Roach  
  147  8:16  Overlord  
  147  8:20  Hydralisk x2  
  147  8:23  Hydralisk  
  147  8:27  Zerg Ground Armor Level 1, Hatchery  
  152  8:30  Hydralisk  
  152  8:31  Hydralisk  
  156  8:37  Roach x3  
  156  8:40  Lurker Den  
  159  8:44  Hive  
  159  8:47  Drone x3  
  162  8:56  Hydralisk x3  
  162  9:02  Overlord  
  168  9:04  Overlord x2  
  168  9:08  Unknown  
  167  9:11  Spore Crawler  
  167  9:12  Hydralisk  
  168  9:18  Overlord x2  
  168  9:25  Overlord x2  
  168  9:26  Roach x3  
  168  9:27  Roach  
  168  9:29  Hydralisk x2  
  180  9:32  Overseer x2  
  180  9:34  Roach x3  
  180  9:36  Roach x3  
  178  9:39  Roach  
  178  9:42  Lurker x4  
  178  9:43  Lurker, Roach  
  177  9:49  Roach  
  177  9:50  Roach x3  
  185  9:52  Roach x2  
  185  9:57  Overlord  
  185  9:59  Roach x7  
  183  10:00  Hydralisk x2  
  183  10:01  Hydralisk x2  
  189  10:09  Pneumatized Carapace  
  183  10:15  Hydralisk, Overlord  
  183  10:16  Hydralisk x2  
  184  10:23  Roach x4  
  172  10:31  Roach x5  
  182  10:36  Overlord  
  182  10:40  Roach x2  
  182  10:42  Hydralisk x4  
  168  10:46  Hatchery  
  168  10:48  Drone x3  
  176  10:54  Roach x6  
  176  10:55  Roach  
  176  10:57  Lurker  
  173  11:07  Roach x2  
  171  11:11  Roach x8  
  179  11:21  Roach  
  179  11:22  Roach x5  
  179  11:25  Viper  
  182  11:29  Zerg Missile Weapons Level 3  
  176  11:36  Roach x2  
  176  11:37  Viper  
  169  11:41  Roach  
  169  11:42  Roach x2  
  175  11:51  Drone x5  
  180  11:57  Viper  
  183  12:03  Overlord x2  
  183  12:05  Lurker  
  183  12:06  Lurker x2, Hatchery  
  185  12:13  Viper  
  188  12:16  Overseer  
  188  12:24  Hydralisk x2  
  188  12:25  Hydralisk x2  
  188  12:29  Roach x2  
  192  12:32  Roach x17  
  192  12:38  Lurker x2, Roach x3  
  192  12:43  Roach x9  
  194  12:45  Seismic Spines  
  194  12:53  Extractor  
  194  12:57  Spore Crawler x2  
  194  12:58  Extractor, Spine Crawler  
  157  13:02  Hydralisk x6  
  167  13:09  Hydralisk x3  
  173  13:15  Roach x8  
  173  13:17  Hydralisk x4  
  173  13:20  Drone  
  173  13:26  Roach x7  
  174  13:28  Hydralisk  
  174  13:29  Hydralisk x4  
  184  13:43  Lurker x2  
  184  14:01  Roach x2  
  144  14:06  Hydralisk x16  
  144  14:07  Hydralisk  
  135  14:19  Overlord  
Show
View Real Time Build Order
Export as new Build Order

Scarlett Zerg - Winner!

Build Orders: Hatch First, Lurkers, Roach Hydra 

Get SALT Encoding   

  12  0:00  Drone  
  13  0:13  Overlord  
  13  0:16  Drone  
  14  0:31  Drone x2  
  16  0:47  Hatchery  
  15  0:50  Drone  
  15  0:54  Drone  
  17  0:57  Drone  
  18  1:08  Extractor  
  17  1:12  Spawning Pool  
  17  1:15  Drone  
  17  1:19  Drone  
  18  1:28  Drone  
  19  1:39  Drone  
  20  1:50  Drone  
  21  1:59  Queen x2  
  21  2:00  Zergling x2  
  21  2:01  Zergling x2  
  27  2:03  Spine Crawler  
  26  2:12  Overlord, Zergling x2  
  27  2:16  Metabolic Boost  
  27  2:21  Drone  
  28  2:34  Drone x3  
  30  2:38  Queen  
  30  2:41  Overlord  
  30  2:43  Drone  
  33  2:56  Zergling x4  
  35  3:04  Drone  
  35  3:05  Drone  
  37  3:07  Drone  
  37  3:08  Drone  
  37  3:09  Drone x2  
  37  3:10  Drone  
  42  3:14  Overlord  
  42  3:18  Overlord  
  42  3:21  Overlord  
  42  3:27  Overlord  
  42  3:37  Lair  
  42  3:40  Extractor  
  42  3:41  Drone, Extractor  
  42  3:43  Drone x5  
  46  3:50  Drone  
  46  3:51  Drone x2  
  48  3:55  Drone  
  48  3:56  Drone  
  50  4:04  Evolution Chamber  
  50  4:05  Drone, Roach Warren  
  49  4:11  Drone  
  49  4:14  Extractor  
  49  4:18  Drone x3  
  49  4:19  Drone x2  
  54  4:26  Overlord  
  54  4:30  Zerg Missile Weapons Level 1  
  54  4:35  Drone  
  54  4:37  Overlord  
  54  4:38  Spire  
  54  4:40  Zergling x6  
  56  4:57  Glial Reconstitution  
  56  4:58  Roach x2  
  56  4:59  Roach x3  
  65  5:05  Hatchery  
  64  5:12  Roach  
  64  5:13  Roach  
  68  5:20  Overseer  
  68  5:36  Roach x4  
  68  5:37  Roach x4  
  84  6:10  Overlord x2  
  84  6:12  Overlord  
  84  6:17  Mutalisk x3  
  90  6:20  Overlord x2  
  90  6:24  Zerg Missile Weapons Level 2, Overlord  
  90  6:27  Overlord x3  
  89  6:34  Drone  
  89  6:35  Drone x5  
  94  6:40  Drone  
  94  6:46  Mutalisk  
  95  6:47  Mutalisk x2  
  95  6:53  Hydralisk Den  
  100  6:58  Drone  
  100  6:59  Drone x4  
  105  7:02  Hatchery  
  104  7:09  Drone x6, Extractor  
  104  7:11  Extractor  
  108  7:16  Drone x5  
  108  7:22  Roach x3  
  119  7:25  Pneumatized Carapace  
  119  7:26  Overseer  
  119  7:35  Overseer  
  119  7:41  Hydralisk x2  
  119  7:42  Hydralisk x3  
  129  7:51  Drone  
  129  7:52  Drone x3, Overlord  
  129  7:53  Overlord x3  
  129  7:54  Unknown  
  132  7:59  Drone  
  133  8:08  Unknown  
  133  8:10  Hydralisk x7  
  146  8:23  Lurker Den  
  145  8:29  Hydralisk, Infestation Pit, Muscular Augments  
  145  8:30  Hydralisk x2  
  150  8:37  Drone  
  150  8:41  Overseer  
  150  8:42  Overlord  
  150  8:45  Roach x7  
  164  8:55  Zerg Ground Armor Level 1  
  164  9:06  Hive  
  160  9:21  Lurker x6  
  160  9:23  Drone x6  
  172  9:26  Roach x4  
  172  9:28  Spine Crawler x3  
  175  9:46  Drone, Spine Crawler  
  175  9:47  Drone, Spine Crawler  
  175  9:54  Grooved Spines  
  175  9:59  Drone x2  
  178  10:02  Overseer  
  175  10:09  Burrow, Tunneling Claws  
  174  10:20  Seismic Spines  
  174  10:22  Evolution Chamber  
  155  10:29  Drone x4  
  155  10:32  Viper  
  155  10:33  Viper x3  
  158  10:46  Drone  
  158  10:47  Drone x5  
  158  10:49  Spine Crawler  
  159  10:50  Spine Crawler  
  152  10:59  Zerg Ground Armor Level 2  
  152  11:00  Zerg Missile Weapons Level 3  
  143  11:08  Hydralisk x3  
  143  11:09  Hydralisk x3  
  126  11:38  Overseer  
  126  11:39  Hydralisk x11  
  124  11:41  Drone  
  124  11:42  Drone x4  
  124  11:44  Overseer  
  124  11:45  Spore Crawler  
  148  11:50  Drone x2  
  148  11:51  Drone  
  148  11:52  Spine Crawler  
  149  12:04  Lurker x3  
  149  12:05  Drone, Overlord x2  
  149  12:06  Drone  
  149  12:07  Drone x4  
  156  12:10  Spine Crawler  
  156  12:11  Adaptive Talons  
  155  12:18  Overseer  
  155  12:19  Overlord x2  
  155  12:27  Lurker  
  155  12:29  Overlord  
  156  12:42  Hydralisk x10  
  175  12:57  Hydralisk  
  175  12:58  Hydralisk x8  
  187  13:06  Hatchery  
  186  13:19  Hatchery  
  185  13:24  Drone x6  
  191  13:29  Overlord  
  191  13:34  Lurker x5  
  196  13:42  Overseer  
  196  13:49  Viper  
  196  13:53  Lurker Den  
  177  14:09  Hydralisk x7  
  169  14:10  Hydralisk  

Tags
 
Add a new tag
Caveats
  • Supply blocks, unpowered buildings, or Contaminate may cause inaccurate times.
  • Supply counts are checked every 10 seconds.